 Dungeon Crawl Stone Soup version 0.29-a0-1009-g60c99734e7 (webtiles) character file.

Game seed: 8766801939384499297

41384 garrulousMonolith the Severer (level 14, -2/126 HPs)
             Began as a Hill Orc Fighter on Aug 9, 2022.
             Was a High Priest of Beogh.
             Shot with an arrow by a centaur warrior (22 damage)
             ... on level 2 of the Orcish Mines.
             The game lasted 00:24:24 (17170 turns).

garrulousMonolith the Severer (Hill Orc Fighter)   Turns: 17170, Time: 00:24:24

Health: -2/126     AC: 26    Str: 22    XL:     14   Next: 15%
Magic:  23/23      EV: 12    Int: 10    God:    Beogh [*****.]
Gold:   1599       SH:  6    Dex: 10    Spells: 13/13 levels left

rFire   . . .      SeeInvis .   n - +8 trident of the Octopus King {venom, rElec rPois}
rCold   . . .      Faith    .   c - +0 buckler
rNeg    . . .      Spirit   .   A - +0 plate armour
rPois   +          Reflect  .   D - +1 helmet
rElec   +          Harm     .   v - +2 cloak
rCorr   .          Rampage  .   i - +2 pair of gloves
Will    ++...                   k - +0 pair of boots
Stlth   ..........              o - amulet of regeneration
HPRegen 1.11/turn               Y - ring of willpower
MPRegen 0.18/turn               F - +4 ring of evasion

@: no status effects
A: walk on water
a: Renounce Religion, Smiting, Recall Orcish Followers, Give Item to Named
Follower


You were on level 2 of the Orcish Mines.
You worshipped Beogh.
Beogh was extremely pleased with you.
You visited 3 branches of the dungeon, and saw 19 of its levels.

You collected 1893 gold pieces.
You spent 294 gold pieces at shops.

Inventory:

Hand Weapons
 a - a +0 glaive
 n - the +8 trident of the Octopus King (weapon) {venom, rElec rPois}
   (You found it on level 2 of the Dungeon)

   It poisons the flesh of those it strikes.
   rElec:     It insulates you from electricity.
   rPois:     It protects you from poison.
 I - a +0 demon trident
 L - a +1 broad axe
 R - a +1 demon whip of venom
 U - a +0 trident
 Z - a +2 battleaxe of draining
Missiles
 b - 11 curare-tipped darts (quivered)
 E - 26 poisoned darts
 V - 12 javelins
Armour
 c - a +0 buckler (worn)
 i - a +2 pair of gloves (worn)
 k - a +0 pair of boots (worn)
 v - a +2 cloak (worn)
 A - a +0 plate armour (worn)
 D - a +1 helmet (worn)
Jewellery
 o - an amulet of regeneration (around neck)
 p - a +4 ring of protection
 y - a ring of magical power
 C - the amulet of the Air {Inacc Air Fly rElec RMsl}
   (You found it on level 5 of the Lair of Beasts)

   [amulet of nothing]

   It reduces the accuracy of all your attacks.
   It enhances your air magic.
   rElec:     It insulates you from electricity.
   Fly:       It grants you flight.
   RMsl:      It protects you from missiles.
 F - a +4 ring of evasion (right hand)
 J - a ring of resist corrosion
 K - a ring of wizardry
 N - a +6 ring of strength
 Q - a ring of ice
 Y - a ring of willpower (left hand)
Wands
 e - a wand of roots (4)
 x - a wand of flame (15)
 H - a wand of charming (4)
 P - a wand of light (19)
Scrolls
 f - 11 scrolls of teleportation
 q - 6 scrolls of torment
 r - a scroll of enchant armour
 t - 6 scrolls of fog
 z - 2 scrolls of blinking
 S - a scroll of amnesia
 T - 3 scrolls of vulnerability
Potions
 d - 5 potions of ambrosia
 g - 5 potions of curing
 h - 2 potions of cancellation {unknown}
 l - 3 potions of magic
 m - 2 potions of berserk rage {unknown}
 s - 5 potions of flight
 u - 3 potions of attraction
 w - 3 potions of might
 B - 4 potions of mutation
 G - a potion of degeneration {unknown}
 O - a potion of haste
 W - a potion of invisibility {unknown}
 X - 4 potions of brilliance
Miscellaneous
 M - a phial of floods


   Skills:
 + Level 12.1 Fighting
 * Level 17.6 Axes
 + Level 11.2 Armour
 - Level 5.0 Dodging
 + Level 11.1 Shields
 + Level 12.4 Invocations


You had 13 spell levels left.
You didn't know any spells.
Your spell library contained the following spells:

 Spells                   Type           Power      Damage    Failure   Level
 Apportation              Tloc           0%         N/A       99%         1
 Blink                    Tloc           0%         N/A       100%        2
 Static Discharge         Conj/Air       0%         3-3/arc   100%        2
 Gell's Gravitas          Tloc           0%         N/A       100%        3
 Inner Flame              Hex/Fire       0%         N/A       100%        3
 Lesser Beckoning         Tloc           0%         N/A       100%        3
 Stone Arrow              Conj/Erth      0%         3d7       100%        3
 Teleport Other           Tloc           0%         N/A       100%        3
 Animate Armour           Summ/Erth      0%         N/A       100%        4
 Cause Fear               Hex            0%         N/A       100%        4
 Dispel Undead            Necr           0%         3d6       100%        4
 Sticky Flame             Conj/Fire      0%         2d3       100%        4
 Manifold Assault         Tloc           0%         N/A       100%        5
 Enfeeble                 Hex            0%         N/A       100%        7
 Storm Form               Tmut/Air       0%         N/A       100%        7
 Discord                  Hex            0%         N/A       100%        8
 Lehudib's Crystal Spear  Conj/Erth      0%         10d2      100%        8
 Chain Lightning          Conj/Air       0%         N/A       100%        9
 Fire Storm               Conj/Fire      0%         5d1       100%        9
 Shatter                  Erth           0%         3d5*      100%        9


Dungeon Overview and Level Annotations

Branches:
Dungeon (12/15)            Temple (0/1) D:5            Lair (5/5) D:10
  Swamp (0/4) Lair:2        Snake (0/4) Lair:2        Slime (0/5) Lair:4
    Orc (2/2) D:9             Elf (0/3) Orc:2

Altars:
Ashenzari
Gozag
Hepliaklqana
Makhleb
Nemelex Xobeh
Ru
Sif Muna
Uskayaw
Vehumet
Xom
Jiyva

Shops:
D:1 (   D:5 *   D:7 (   D:8 =

Portals:
Hell: Lair:5

Annotations:
D:3 2 transporters, rz's ghost, amateur DjHW
Lair:3 2 transporters, GloriousHammer's ghost, journeyman FeSu


Message History

The orc warrior attacks as you move away!
The orc warrior barely misses you. The orc barely misses your orc warrior.
You block the orc warrior's attack.
Your orc warrior unwields a +4 arbalest.
Your orc warrior wields a +0 great mace.
Your orc warrior barely misses the orc warrior.
Something hits your orc warrior!!
Your orc warrior dies!
The orc warrior shoots a bolt.
The bolt closely misses you.
The bolt hits the orc warrior!
You hear a shout!
Things that are here:
a +0 mace; a +0 arbalest; an orc corpse The orc warrior attacks as you move away!
The orc warrior hits you but does no damage.
The orc knight shoots a bolt.
The bolt hits you!
An orc warrior comes into view. It is wielding a +0 great mace.
The orc falls on its knees before you.
It says, "I'm so glad you are here now."
An orc comes into view. It is wielding a +0 trident.
Your orc no longer looks unusually strong.
The orc no longer looks unusually strong.
A centaur comes into view.
The orc knight shoots a bolt.
The bolt hits you but does no damage.
The orc warrior hits you with a +0 hand axe!
* * * LOW HITPOINT WARNING * * *
An orc warrior comes into view. It is wielding a +0 arbalest.
Your orc hits the centaur with a +0 trident.
The orc warrior hits you with a +0 great mace!!
* * * LOW HITPOINT WARNING * * *
Okay, then.
Blink to where?
Press: ? - help, Dir - move target A centaur warrior comes into view.
As you read the scroll of blinking, it crumbles to dust.
The centaur warrior shouts!
You hear a shout!
A centaur comes into view. x2
The centaur warrior wields a +0 shortbow.
The centaur warrior shoots an arrow.
The arrow hits you!!
You die...

#...#.##.................
...........c#c...........
# .......................
...#.....................
....#....................
...............c..........
..........................
.........................
##..##..##..@###...##..##
.. ##..........≈≈#
#≈≈.......
...#.......)..≈≈≈#
#≈≈≈......
............≈≈≈≈##
##≈≈≈≈.... #.....)≈≈≈≈###
##≈≈≈≈ ..#...))≈≈≈≈####
#≈≈≈ ........oo))o)oco
#........§.oooo.o.
#..#.....≈≈≈≈####.


You could see an orc knight, a centaur warrior, 2 orc warriors and 2 centaurs.

Vanquished Creatures
  Snorg (Orc:1)
  A boulder beetle (D:7)
  Erolcha (Orc:1)
  2 two-headed ogres (D:8)
  A hydra (Lair:2)
  A death yak (Lair:3)
  An orc high priest (Orc:1)
  Urug (Orc:1)
  Amaemon (D:8)
  An orc sorcerer (Orc:1)
  A cyclops (D:12)
  2 elephants (Lair:5)
  A smoke demon (Lair:5)
  2 orange demons
  A cane toad (Lair:2)
  A komodo dragon (Lair:2)
  2 rime drakes
  A red devil (Lair:5)
  A troll (D:10)
  A polar bear (Lair:3)
  A blink frog (Lair:3)
  A dream sheep (Lair:3)
  A wyvern (D:6)
  2 wraiths
  A steam dragon (Lair:2)
  20 yaks
  2 basilisks
  3 vampire mosquitoes (D:9)
  A naga (Lair:2)
  A warg (Orc:1)
  2 hell hounds (Lair:5)
  5 water moccasins
  4 orc warriors
  2 ice beasts
  2 black bears (D:6)
  An ogre (D:6)
  8 centaurs
  2 bullfrogs
  3 kobold brigands
  4 scorpions
  11 killer bees
  A howler monkey (D:9)
  A crimson imp (D:11)
  A quasit (D:4)
  6 hounds
  2 jellies
  6 orc priests
  5 iguanas
  6 orc wizards
  5 adders
  7 gnolls
  2 shadow imps (D:4)
  7 white imps
  2 ufetubi
  3 worms
  A dart slug (D:3)
  36 orcs
  10 ball pythons
  8 endoplasms
  4 giant cockroaches
  5 goblins
  16 hobgoblins
  3 jackals
  3 quokkas
  5 bats
  2 frilled lizards
  23 kobolds
  6 rats
277 creatures vanquished.

Vanquished Creatures (collateral kills)
  Jorgrun (Orc:1)
  Josephine (Lair:4)
  9 hydras
  A boulder beetle (Lair:5)
  Erica (Lair:1)
  4 death yaks
  Sonja (Lair:4)
  A sun demon (Lair:5)
  A wizard (Lair:5)
  An orc knight (Orc:1)
  A manticore (D:12)
  6 black mambas (Lair:5)
  5 elephants (Lair:5)
  An orange demon (Lair:5)
  A torpor snail (Lair:5)
  9 cane toads
  A gargoyle (D:11)
  An unseen horror (D:11)
  2 rime drakes
  2 ice devils (Lair:5)
  8 komodo dragons
  A red devil (Lair:5)
  A kobold demonologist (D:9)
  2 polar bears
  3 slime creatures (Lair:4)
  7 blink frogs
  9 dream sheep
  A shadow (D:12)
  40 yaks
  2 wyverns
  4 wraiths (Lair:4)
  A steam dragon (D:10)
  4 basilisks
  4 vampire mosquitoes (D:10)
  4 wargs (Orc:1)
  5 nagas (Lair:2)
  10 water moccasins
  2 hell hounds (Lair:5)
  10 orc warriors
  5 ogres (Orc:1)
  11 wolves
  2 kobold brigands
  8 bullfrogs
  5 killer bees
  A howler monkey (D:9)
  3 crimson imps (D:11)
  A jelly (D:8)
  An orc priest (D:9)
  2 orc wizards
  10 orcs
  3 kobolds (D:10)
220 creatures vanquished.

Vanquished Creatures (others)
  12 orc warriors
  A shadow (D:9)
  2 orc wizards
  A howler monkey (D:9)
  An orc priest (D:9)
  25 orcs
  3 jackals (D:3)
  A rat (D:3)
  2 demonic plants (D:4)
  28 fungi
  34 plants
110 creatures vanquished.

Grand Total: 607 creatures vanquished

Notes
Turn   | Place    | Note
-------+----------+-------------------------------------------
     0 | D:1      | garrulousMonolith the Hill Orc Fighter began the quest for
                  | the Orb.
     0 | D:1      | Reached XP level 1. HP: 19/19 MP: 1/1
   102 | D:1      | Reached skill level 3 in Axes
   135 | D:1      | Reached XP level 2. HP: 23/27 MP: 2/2
   511 | D:1      | Found Duprigat's Antique Weapon Shoppe.
   575 | D:1      | Reached XP level 3. HP: 33/33 MP: 3/3
   881 | D:2      | Reached skill level 1 in Invocations
  1186 | D:2      | Found the +8 trident of the Octopus King {venom, rElec
                  | rPois}
  1240 | D:2      | Found a faded altar of an unknown god.
  1305 | D:2      | Reached XP level 4. HP: 36/40 MP: 4/4
  1346 | D:2      | Reached skill level 4 in Axes
  1576 | D:2      | Found a hide-covered altar of Uskayaw.
  1620 | D:2      | Reached skill level 1 in Dodging
  1847 | D:3      | Found a transporter.
  1913 | D:3      | Found a transporter.
  1913 | D:3      | You fall into a shaft and drop 1 floor!
  1913 | D:4      | Found a sparkling altar of Nemelex Xobeh.
  1956 | D:4      | Reached XP level 5. HP: 46/46 MP: 6/6
  2182 | D:3      | Noticed rz's ghost (amateur DjHW)
  2229 | D:3      | Became a worshipper of Beogh the Brigand
  2235 | D:3      | Reached skill level 5 in Axes
  2235 | D:3      | Reached XP level 6. HP: 53/53 MP: 7/7
  2717 | D:4      | Reached * piety under Beogh
  2751 | D:4      | Reached XP level 7. HP: 60/60 MP: 9/9
  2915 | D:4      | Found an opulent altar of Gozag.
  3015 | D:4      | Got the Monograph on Jinxing and Superposition
  3268 | D:5      | Entered Level 5 of the Dungeon
  3308 | D:5      | Reached skill level 6 in Axes
  3317 | D:5      | Reached skill level 5 in Fighting
  3435 | D:5      | Found a staircase to the Ecumenical Temple.
  3563 | D:5      | Reached ** piety under Beogh
  3602 | D:5      | Reached skill level 5 in Shields
  3602 | D:5      | Reached XP level 8. HP: 68/68 MP: 9/11
  3807 | D:5      | Found Luduant's General Store.
  3854 | D:5      | Reached skill level 7 in Axes
  3854 | D:5      | Reached skill level 5 in Armour
  3891 | D:5      | Found a hazy altar of Hepliaklqana.
  4252 | D:6      | Noticed a wyvern
  4257 | D:6      | Killed a wyvern
  4713 | D:6      | Reached skill level 8 in Axes
  4732 | D:6      | Reached skill level 5 in Invocations
  4767 | D:6      | Reached XP level 9. HP: 75/75 MP: 12/12
  5214 | D:7      | Reached *** piety under Beogh
  5255 | D:7      | Found Teddal's Antique Weapon Shoppe.
  5651 | D:7      | Noticed a boulder beetle
  5655 | D:7      | Found a sacrificial altar of Ru.
  5666 | D:7      | Killed a boulder beetle
  5667 | D:7      | Reached skill level 9 in Axes
  5841 | D:7      | Bought a runed glaive for 294 gold pieces
  6140 | D:8      | Noticed a two-headed ogre
  6147 | D:8      | Killed a two-headed ogre
  6148 | D:8      | Reached skill level 10 in Axes
  6148 | D:8      | Reached XP level 10. HP: 75/86 MP: 14/14
  6408 | D:8      | Found a broken altar of Ashenzari.
  6417 | D:8      | Noticed a two-headed ogre
  6423 | D:8      | Killed a two-headed ogre
  6800 | D:8      | Found Tosay's Jewellery Shop.
  6981 | D:8      | Noticed Amaemon
  6983 | D:8      | Noticed an orange demon
  6992 | D:8      | Killed Amaemon
  6997 | D:8      | Killed an orange demon
  6998 | D:8      | Reached skill level 11 in Axes
  7954 | D:9      | Found a staircase to the Orcish Mines.
  7955 | D:9      | Noticed a rust devil
  7957 | D:9      | Noticed a kobold demonologist
  7967 | D:9      | Noticed a smoke demon
  7969 | D:9      | Killed a kobold demonologist
  8036 | D:9      | Reached skill level 5 in Dodging
  8042 | D:9      | Reached XP level 11. HP: 86/95 MP: 16/16
  8078 | D:9      | Reached **** piety under Beogh
  8104 | D:9      | Reached skill level 12 in Axes
  8118 | D:9      | Found a radiant altar of Vehumet.
  8563 | D:10     | Entered Level 10 of the Dungeon
  9057 | D:10     | Found a staircase to the Lair.
  9520 | D:10     | Found a shimmering blue altar of Sif Muna.
  9545 | D:10     | Reached ***** piety under Beogh
 10727 | D:11     | Found a shimmering altar of Xom.
 10899 | D:11     | Reached skill level 13 in Axes
 10906 | D:11     | Gained Wargath as an ally
 11309 | D:12     | Noticed a cyclops
 11309 | D:12     | Noticed a manticore
 11314 | D:12     | Killed a manticore
 11319 | D:12     | Killed a cyclops
 11488 | Lair:1   | Entered Level 1 of the Lair of Beasts
 11702 | Lair:1   | Gained Geork as an ally
 11703 | Lair:1   | Reached XP level 12. HP: 105/105 MP: 19/19
 11775 | Lair:1   | Noticed a six-headed hydra
 11779 | Lair:1   | Noticed Erica
 11782 | Lair:1   | Killed a six-headed hydra
 11785 | Lair:1   | Killed Erica
 12159 | Lair:2   | Reached skill level 14 in Axes
 12168 | Lair:2   | Noticed an eight-headed hydra
 12176 | Lair:2   | Killed a nine-headed hydra
 12247 | Lair:2   | Found a staircase to the Snake Pit.
 12266 | Lair:2   | Found a staircase to the Swamp.
 12273 | Lair:2   | Reached skill level 10 in Fighting
 12286 | Lair:2   | Gained Boldo as an ally
 12419 | Lair:2   | Reached skill level 10 in Invocations
 13085 | Lair:3   | Noticed an eight-headed hydra
 13092 | Lair:3   | Killed a seven-headed hydra
 13249 | Lair:3   | Found a transporter.
 13259 | Lair:3   | Found a transporter.
 13290 | Lair:3   | Noticed a six-headed hydra
 13304 | Lair:3   | Noticed a boulder beetle
 13316 | Lair:3   | Noticed GloriousHammer's ghost (journeyman FeSu)
 13345 | Lair:3   | Noticed an eight-headed hydra
 13349 | Lair:3   | Killed an eight-headed hydra
 13351 | Lair:3   | Reached skill level 15 in Axes
 13652 | Lair:3   | Noticed a death yak
 13652 | Lair:3   | Noticed a death yak
 13652 | Lair:3   | Noticed a death yak
 13656 | Lair:3   | Killed a death yak
 13658 | Lair:3   | Killed a death yak
 13659 | Lair:3   | Killed a death yak
 14115 | Lair:4   | Found a staircase to the Slime Pits.
 14116 | Lair:4   | Found a viscous altar of Jiyva.
 14203 | Lair:4   | Found a shimmering blue altar of Sif Muna.
 14205 | Lair:4   | Noticed a five-headed hydra
 14207 | Lair:4   | Noticed Sonja
 14210 | Lair:4   | Killed a five-headed hydra
 14211 | Lair:4   | Reached XP level 13. HP: 88/115 MP: 21/21
 14211 | Lair:4   | Killed Sonja
 14281 | Lair:4   | Noticed Josephine
 14285 | Lair:4   | Reached skill level 10 in Armour
 14285 | Lair:4   | Reached skill level 10 in Shields
 14288 | Lair:4   | Killed Josephine
 14631 | Lair:5   | Entered Level 5 of the Lair of Beasts
 14642 | Lair:5   | Reached skill level 16 in Axes
 14782 | Lair:5   | Reached ****** piety under Beogh
 15262 | Lair:5   | Found a burning altar of Makhleb.
 15292 | Lair:5   | Reached skill level 17 in Axes
 15298 | Lair:5   | Found a gateway to Hell.
 15298 | Lair:5   | Found the amulet of the Air {Inacc Air Fly rElec RMsl}
 16270 | Orc:1    | Entered Level 1 of the Orcish Mines
 16288 | Orc:1    | Noticed Jorgrun
 16298 | Orc:1    | Killed Jorgrun
 16320 | Orc:1    | Reached XP level 14. HP: 84/125 MP: 23/23
 16341 | Orc:1    | Killed Erolcha
 16373 | Orc:1    | Noticed Urug
 16377 | Orc:1    | Killed Urug
 16940 | Orc:2    | Entered Level 2 of the Orcish Mines
 16940 | Orc:2    | Found a staircase to the Elven Halls.
 17005 | Orc:1    | Noticed Snorg
 17016 | Orc:1    | Killed Snorg
 17170 | Orc:2    | Shot with an arrow by a centaur warrior

Illustrated notes

Levels and vault maps discovered:
D:1:      saegor_arrival_simple_c, layout_loops_ring, serial_shops, shop
D:2:      layout_basic, hellmonk_ecumenical_altar_pennies_from_heaven,
          basic_altar
D:3:      layout_basic, gammafunk_ghost_gnarly_gnolls
D:4:      cheibrodos_thug_alley, layout_loops_ring,
          nemelex_xobeh_ov_fountains_minmay, marbit_many_paths, serial_demonic,
          serial_demonic_d, serial_demonic_g, serial_demonic_d,
          serial_demonic_c, minmay_bisected
D:5:      layout_basic, worldfamousw_hep_ancestral_shrine,
          minmay_temple_entry_purple_smoke, serial_shops, nicolae_shop_stone,
          st_stairs_9
D:6:      layout_basic
D:7:      layout_basic, mainiacjoe_overflow_tiny_flanked, serial_shops,
          nicolae_shop_trees
D:8:      layout_basic, nicolae_overflow_crystal_walls, serial_shops,
          shop_fountains, chequers_serial_rivers_micro_b, minmay_misc_feat_five,
          bh_walls_and_bars, uniq_amaemon
D:9:      layout_basic, mainiacjoe_overflow_chevrons, david_orc_2,
          serial_rivers, chequers_serial_rivers_micro_b,
          chequers_serial_rivers_small_3, chequers_serial_rivers_small_a,
          chequers_serial_rivers_room_b
D:10:     layout_rooms, nicolae_sif_muna_little_library, erik_lair_dragon,
          dreamdust_mushroom_princess
D:11:     layout_basic, led_xom_imps
D:12:     layout_loops_ring, gammafunk_ghost_mausoleum
Lair:1:   layout_regular_city, uniq_erica
Lair:2:   layout_chaotic_city, swamp_mist, minmay_snake_entry_guardpost_medium,
          nicolae_quartered_pool_medium
Lair:3:   layout_cave_pods, gammafunk_ghost_berserking_beasts,
          infiniplex_staircase_pool_2, grunt_megastairs_3, lemuel_fruit_tree
Lair:4:   layout_big_grid, minmay_slime_entry_pillars, basic_altar,
          uniq_josephine, uniq_sonja
Lair:5:   evil_forest, layout_gridlike
Orc:1:    minmay_goldmine, layout_caves, uniq_jorgrun, uniq_erolcha, uniq_snorg,
          uniq_urug
Orc:2:    st_orc_rangers, layout_caves, kennysheep_orc_chapel

Skill      XL: |  1  2  3  4  5  6  7  8  9 10 11 12 13 14 |
---------------+-------------------------------------------+-----
Axes           | 3 4 5 6 8 10 11 13 15 17 | 17.6
Invocations    | 1 2 3 4 5 6 7 9 10 12 | 12.4
Fighting       | 4 5 6 7 8 9 10 11 12 | 12.1
Dodging        | 1 2 3 4 5 |  5.0
Shields        | 4 5 6 7 8 9 10 11 | 11.1
Armour         | 4 5 6 7 8 9 10 11 | 11.2

Action                   |  1- 3 |  4- 6 |  7- 9 | 10-12 | 13-15 || total
-------------------------+-------+-------+-------+-------+-------++-------
Melee: War axe           |    90 |       |       |       |       ||    90
       Trident           |    15 |   127 |   185 |   366 |   190 ||   883
Throw: Dart              |       |       |       |       |     2 ||     2
Invok: Convert to Beogh  |       |     1 |       |       |       ||     1
       Recall Orcish Fol |       |       |       |     3 |     2 ||     5
       Give Item to Name |       |       |       |     3 |       ||     3
       Smiting           |       |       |       |     1 |    11 ||    12
Evoke: Wand              |       |       |       |       |     2 ||     2
  Use: Potion            |     1 |       |       |     1 |     5 ||     7
       Scroll            |       |       |     8 |    11 |     6 ||    25
 Stab: Distracted        |       |       |       |     1 |     2 ||     3
Armor: Scale mail        |    55 |    43 |       |       |       ||    98
       Plate armour      |       |    17 |    84 |   162 |   133 ||   396
Dodge: Dodged            |    60 |    41 |    64 |   150 |   143 ||   458
Block: Buckler           |    22 |    29 |    41 |    80 |    72 ||   244

Table legend: (Time is in decaauts)
 A = Elapsed time spent in this place.
 B = Non-inter-level travel time spent in this place.
 C = Inter-level travel time spent in this place.
 D = Time resting spent in this place.
 E = Time spent auto-exploring this place.
 F = Levels seen in this place.
 G = Mean time per level.
                   A        B        C        D        E       F      G
               +--------+--------+--------+--------+--------+-----+--------+
         Total |  17264 |  16322 |    942 |   3803 |   9837 |  19 |  908.6 |
       Dungeon |  11905 |  11365 |    540 |   3186 |   6419 |  12 |  992.1 |
          Lair |   4468 |   4082 |    386 |    416 |   2966 |   5 |  893.6 |
  Orcish Mines |    890 |    875 |     15 |    201 |    452 |   2 |  445.0 |
               +--------+--------+--------+--------+--------+-----+--------+

Top non-repeatable levels by time:
    D:10: 2003 daAuts
     D:8: 1470 daAuts
     D:9: 1350 daAuts
  Lair:5: 1225 daAuts
     D:1: 1150 daAuts
  Lair:3: 1092 daAuts
     D:5: 994 daAuts
    D:11: 961 daAuts
     D:6: 867 daAuts
     D:4: 865 daAuts
     D:7: 856 daAuts
  Lair:1: 799 daAuts
   Orc:1: 759 daAuts
  Lair:2: 755 daAuts
     D:2: 727 daAuts
